 Dungeon Crawl Stone Soup version 0.28.0-45-g0d030f2227 (webtiles) character file.

Game seed: 15033585048907304150

3928 MisterFreud the Transmogrifier (level 10, -3/93 HPs)
             Began as a Yellow Draconian Transmuter on May 24, 2022.
             Was a Priest of Nemelex Xobeh.
             Slain by a wyvern (15 damage)
             ... on level 7 of the Dungeon.
             The game lasted 00:12:27 (8240 turns).

MisterFreud the Transmogrifier (DrTm)               Turns: 8240, Time: 00:12:28

Health: -3/93      AC:  8    Str: 13    XL:     10   Next: 1%
Magic:  16/16      EV: 17    Int: 19    God:    Nemelex Xobeh [***...]
Gold:   213        SH:  0    Dex: 14    Spells: 8/17 levels left

rFire   x . .      SeeInvis +     - Unarmed
rCold   + + +      Faith    .   (shield currently unavailable)
rNeg    . . .      Spirit   .   (armour unavailable)
rPois   +          Reflect  .   (helmet currently unavailable)
rElec   .          Harm     .   (cloak currently unavailable)
rCorr   .          Rampage  .   (gloves currently unavailable)
Will    .....                   (boots currently unavailable)
Stlth   +.........              (no amulet)
HPRegen 0.25/turn               i - +4 ring of evasion
MPRegen 0.15/turn               t - ring of the Raven {rPois Int+4 SInv}

@: ice-form
A: freezing attack, amphibious, boosted hp, (spit acid), AC +7, large, unfitting
armour, (cold-blooded), (acid resistance)
a: End Transformation, Renounce Religion, Draw Escape, Draw Destruction, Draw
Summoning, Triple Draw


You were on level 7 of the Dungeon.
You worshipped Nemelex Xobeh.
Nemelex Xobeh was most pleased with you.
You were a creature of crystalline ice.
You visited 1 branch of the dungeon, and saw 8 of its levels.

You collected 424 gold pieces.
You spent 211 gold pieces at shops.

Inventory:

Missiles
 k - 8 poisoned darts
 l - 3 boomerangs of dispersal
Armour
 q - a +0 cloak (melded)
Jewellery
 g - a +6 ring of dexterity
 h - a +6 ring of intelligence
 i - a +4 ring of evasion (left front paw)
 j - a ring of protection from cold
 t - the ring of the Raven (right front paw) {rPois Int+4 SInv}
   (You found it on level 7 of the Dungeon)

   [ring of see invisible]

   Int:       It affects your intelligence (+4).
   rPois:     It protects you from poison.
   SInv:      It lets you see invisible.
Wands
 b - a wand of flame (20)
 p - a wand of charming (8)
Scrolls
 n - 3 scrolls of teleportation
 r - a scroll of fear
Potions
 a - 2 potions of might
 c - 7 potions of heal wounds
 d - 6 potions of curing
 e - 2 potions of attraction
 f - a potion of lignification
 m - a potion of magic
 u - a potion of haste {unknown}


   Skills:
 - Level 4.0 Fighting
 + Level 7.2 Dodging
 - Level 6.0 Unarmed Combat
 - Level 4.0 Spellcasting
 - Level 8.0 Transmutations
 - Level 4.0 Ice Magic
 + Level 4.4 Invocations


You had 8 spell levels left.
You knew the following spells:

 Your Spells              Type           Power      Damage    Failure   Level
a - Ice Form              Ice/Tmut       26%        N/A       12%         4
b - Wereblood             Tmut           34%        N/A       1%          2
c - Spider Form           Tmut/Pois      19%        N/A       8%          3

Your spell library contained the following spells:

 Spells                   Type           Power      Damage    Failure   Level
 Beastly Appendage        Tmut           68%        N/A       1%          1
 Ozocubu's Armour         Ice            19%        N/A       8%          3
 Foxfire                  Conj/Fire      12%        2x1d4     14%         1
 Shock                    Conj/Air       12%        1d3       14%         1
 Blink                    Tloc           6%         N/A       21%         2
 Conjure Flame            Conj/Fire      3%         6-21      38%         3
 Inner Flame              Hex/Fire       3%         N/A       38%         3
 Lesser Beckoning         Tloc           3%         N/A       38%         3
 Swiftness                Air            3%         N/A       38%         3
 Summon Ice Beast         Ice/Summ       11%        N/A       52%         4
 Airstrike                Air            1%         N/A       80%         4
 Flame Wave               Conj/Fire      3%         2d4       80%         4
 Metabolic Englaciation   Hex/Ice        5%         N/A       86%         5
 Manifold Assault         Tloc           3%         N/A       98%         5
 Summon Mana Viper        Hex/Summ       3%         N/A       98%         5
 Simulacrum               Ice/Necr       5%         N/A       100%        6
 Monstrous Menagerie      Summ           1%         N/A       100%        7


Dungeon Overview and Level Annotations

Branches:
Dungeon (8/15)             Temple (0/1) D:7
   Lair: D:8-11

Altars:
Nemelex Xobeh
Trog

Shops:
D:1 *   D:4 *   D:6 =

Annotations:
D:8 Grum


Innate Abilities, Weirdness & Mutations

You are a creature of crystalline ice.
You have a powerful freezing melee attack.
You are amphibious.
Your maximum health is increased.
Your armour is entirely melded.
You are incapable of wielding weapons or throwing items.
((You can spit globs of acid.))
((Your golden yellow scales are hard. (AC +7)))
You cannot fit into any form of body armour.
((You are cold-blooded and may be slowed by cold attacks.))
((You are resistant to acid. (rCorr)))


Message History

Unknown command.
Unknown command.
Unknown command.
Unknown command.
Unknown command.
You draw a card...
You have drawn the Orb.
Press: ? - help, Shift-Dir - straight line, f - wyvern
Aim: a wyvern (moderately wounded)
Your orb of destruction hits a rock wall.
The wavering orb of destruction weakly hits the basilisk!
The basilisk is almost dead.
The wavering orb of destruction weakly hits the wyvern!
The wyvern is severely wounded.
Your orb of destruction hits a rock wall. x2
Grum hits you from afar with a -1 halberd!
The basilisk bites you! The wyvern bites you!
* * * LOW HITPOINT WARNING * * *
Unknown command.
Unknown command.
Your orb of destruction hits a rock wall.
The wyvern misses you. Grum hits you but does no damage.
The basilisk completely misses you. The wyvern bites you.
* * * LOW HITPOINT WARNING * * *
You climb upwards.
There is a stone staircase leading down here.
Unknown command.
You punch the basilisk! You freeze the basilisk.
You kill the basilisk!
The wyvern bites you.
* * * LOW HITPOINT WARNING * * *
You have reached level 10!
You barely miss the wyvern.
The wyvern is severely wounded.
The wyvern closely misses you.
You hit the wyvern. You freeze the wyvern.
The wyvern is almost dead.
The wyvern bites you!
You die...
Your body disappears without a glow.

....##......###..##...........#
.......#######...##...........#
.....##...#....#.##.......÷...#
.....####........##...........#
..............................#
..............................#
..............................#
..............................#
................Yl.##.......###
.................†.##########
...................#
...................#
...........##......#
...........##......######
...........##...........###
...........##......####...#
...........##......# #[...#


You could see a wyvern.

Vanquished Creatures
  Grinder (D:6)
  Prince Ribbit (D:6)
  7 yaks
  A steam dragon (D:7)
  2 basilisks (D:7)
  3 water moccasins
  2 necrophages
  An ice beast (D:5)
  5 ogres
  2 wolves (D:8)
  A phantom (D:7)
  2 bullfrogs
  2 scorpions (D:5)
  2 centaur zombies
  3 jellies
  Crazy Yiuf (D:6)
  2 bullfrog skeletons
  2 hounds
  5 iguanas
  2 orc wizards (D:4)
  A hound skeleton (D:4)
  5 adders
  A white imp (D:7)
  4 ufetubi (D:5)
  An adder skeleton (D:4)
  A worm (D:4)
  3 dart slugs
  14 orcs
  4 endoplasms
  2 giant cockroaches
  9 goblins
  4 hobgoblins
  4 jackals (D:4)
  6 kobolds
  2 quokkas (D:1)
  10 ball pythons
  2 bats
  3 frilled lizards (D:1)
  3 rats
126 creatures vanquished.

Vanquished Creatures (others)
  A wizard (D:4)
  A fungus (D:8)
  10 plants (D:8)
12 creatures vanquished.

Grand Total: 138 creatures vanquished

Notes
Turn   | Place    | Note
-------+----------+-------------------------------------------
     0 | D:1      | MisterFreud the Draconian Transmuter began the quest for
                  | the Orb.
     0 | D:1      | Reached XP level 1. HP: 16/16 MP: 3/3
   311 | D:1      | Reached XP level 2. HP: 19/23 MP: 3/5
   647 | D:1      | Reached skill level 3 in Transmutations
   692 | D:1      | Found Siheel's Assorted Antiques.
   725 | D:1      | Bought a scroll labelled DOPECOROMU for 26 gold pieces
  1273 | D:2      | Reached XP level 3. HP: 28/28 MP: 6/6
  1647 | D:2      | Found a faded altar of an unknown god.
  1661 | D:2      | Prayed at the altar of an unknown god.
  1661 | D:2      | Became a worshipper of Nemelex Xobeh the Trickster
  1661 | D:2      | Reached * piety under Nemelex Xobeh
  1661 | D:2      | Received a gift from Nemelex Xobeh
  2110 | D:3      | Reached skill level 4 in Transmutations
  2448 | D:3      | Reached ** piety under Nemelex Xobeh
  2450 | D:3      | Reached XP level 4. HP: 35/35 MP: 7/7
  2881 | D:3      | Received a gift from Nemelex Xobeh
  3307 | D:3      | Learned a level 2 spell: Wereblood
  3311 | D:3      | Learned a level 3 spell: Spider Form
  3484 | D:4      | Reached skill level 5 in Transmutations
  3587 | D:4      | Reached XP level 5. HP: 41/41 MP: 6/8
  3792 | D:4      | Found a bloodstained altar of Trog.
  3794 | D:4      | Noticed a wizard
  3799 | D:4      | Killed a wizard
  4040 | D:4      | Found Fihoer's Assorted Antiques.
  4045 | D:4      | Bought a scroll labelled GIDIJI XINI for 22 gold pieces
  4045 | D:4      | Bought a scroll labelled XOSHRO LIGESO for 22 gold pieces
  4045 | D:4      | Bought a scroll labelled BYBRUGH KEFRI for 22 gold pieces
  4045 | D:4      | Bought a scroll labelled UQYLOV VIYPP for 22 gold pieces
  4045 | D:4      | Bought a scroll labelled NIUS CEESA DYSCH for 22 gold
                  | pieces
  4102 | D:1      | Bought a scroll labelled GIDIJI XINI for 26 gold pieces
  4102 | D:1      | Bought a scroll labelled SAPSAX LEGO for 26 gold pieces
  4102 | D:1      | Bought an inky potion for 23 gold pieces
  4275 | D:4      | Identified the ring of Ulakk {rN+ AC+4 Dex+7 Slay-6}
  4482 | D:5      | Entered Level 5 of the Dungeon
  4485 | D:5      | Noticed a yak
  4499 | D:5      | Noticed an ogre
  4505 | D:5      | Killed an ogre
  4506 | D:5      | Reached XP level 6. HP: 51/51 MP: 5/9
  4661 | D:5      | Noticed an ice beast
  4676 | D:5      | Killed an ice beast
  4677 | D:5      | Reached skill level 5 in Unarmed Combat
  4853 | D:5      | Your scales start taking on a golden yellow colour.
  4853 | D:5      | Reached XP level 7. HP: 59/59 MP: 6/10
  4853 | D:5      | Gained mutation: You are resistant to acid. (rCorr) [Yellow
                  | Draconian growth]
  4902 | D:5      | Learned a level 4 spell: Ice Form
  5330 | D:5      | Noticed a yak
  5330 | D:5      | Noticed a yak
  5332 | D:5      | Noticed a yak
  5338 | D:5      | Killed a yak
  5339 | D:5      | Reached skill level 1 in Ice Magic
  5345 | D:5      | Killed a yak
  5346 | D:5      | Reached XP level 8. HP: 50/66 MP: 3/11
  5358 | D:5      | Reached skill level 6 in Transmutations
  6118 | D:5      | Reached *** piety under Nemelex Xobeh
  6118 | D:5      | Received a gift from Nemelex Xobeh
  6292 | D:6      | Noticed Grinder
  6298 | D:6      | Killed Grinder
  6365 | D:6      | Found a runed translucent door.
  6366 | D:6      | Noticed Crazy Yiuf
  6406 | D:6      | Found Amoutefikh's Jewellery Boutique.
  6429 | D:6      | Reached skill level 5 in Dodging
  6459 | D:6      | Reached skill level 7 in Transmutations
  6667 | D:6      | Reached XP level 9. HP: 58/71 MP: 10/12
  7039 | D:6      | Received a gift from Nemelex Xobeh
  7175 | D:6      | Noticed Prince Ribbit
  7184 | D:6      | Killed Prince Ribbit
  7399 | D:6      | Killed Crazy Yiuf
  7491 | D:7      | Reached skill level 8 in Transmutations
  7510 | D:7      | Reached skill level 1 in Invocations
  7750 | D:7      | Identified the ring of the Raven {rPois Int+4 SInv}
  7903 | D:7      | Received a gift from Nemelex Xobeh
  7929 | D:7      | Found a staircase to the Ecumenical Temple.
  8221 | D:8      | Noticed Grum
  8239 | D:7      | Reached XP level 10. HP: 11/78 MP: 16/16
  8240 | D:7      | Slain by a wyvern

Illustrated notes

Levels and vault maps discovered:
D:1:      mrwooster_arrival_statue_3, layout_loops_corners, serial_shops,
          nicolae_shop_overgrown_old_shop
D:2:      layout_rooms, ebering_ecumenical_altar_petrified
D:3:      wad_pebble_path, layout_loops_corners
D:4:      layout_rooms, trog_wizard, serial_shops, kennysheep_little_box
D:5:      layout_gridville
D:6:      layout_basic, serial_shops, nicolae_shop_hallway_plus,
          uniq_prince_ribbit1, uniq_grinder, uniq_crazy_yiuf_cottage
D:7:      cheibrodos_iron_armory, layout_basic, minmay_temple_entry_butterflies,
          minivault_25
D:8:      layout_loops_ring, minmay_lair_entry_grove, minmay_crystal_water,
          kennysheep_dice, uniq_grum

Skill      XL: |  1  2  3  4  5  6  7  8  9 |
---------------+----------------------------+-----
Transmutations | 3 4 5 7 8 |  8.0
Fighting       | 3 4 |  4.0
Unarmed Combat | 4 5 6 |  6.0
Dodging        | 3 5 7 |  7.2
Ice Magic      | 2 4 |  4.0
Invocations    | 4 |  4.4
Spellcasting   | 4 |  4.0

Action                   |  1- 3 |  4- 6 |  7- 9 | 10-12 || total
-------------------------+-------+-------+-------+-------++-------
Melee: Unarmed           |   100 |   127 |   161 |     2 ||   390
       Kick              |    23 |     9 |       |       ||    32
       Headbutt          |     8 |    12 |       |       ||    20
       Tailslap          |    10 |     6 |     8 |       ||    24
       Punch             |       |     1 |       |       ||     1
 Cast: Beastly Appendage |    27 |    15 |       |       ||    42
       Spider Form       |       |     7 |     7 |       ||    14
       Ice Form          |       |       |    11 |       ||    11
Invok: Draw Destruction  |       |     1 |    10 |       ||    11
 Abil: Breathe Acid      |       |       |    19 |       ||    19
  Use: Scroll            |     1 |    11 |     5 |       ||    17
 Stab: Sleeping          |     1 |       |       |       ||     1
Armor: Skin              |    29 |    26 |    29 |       ||    84
Dodge: Dodged            |    53 |   106 |   151 |     1 ||   311
